Cogmind - Beta 11.1 @@@ ROGUE MODE // 2022.05.11 @ 19:19:44 Player: Runia Result: Destroyed by as-75702 with Assembled Blade Performance ------------- Evolutions (0) 0 Regions Visited (3) 600 Robots Destroyed (13) 65 Value Destroyed (263) 263 Prototype IDs (25) 500 Alien Tech Used (0) 0 Bonus (300) 300 TOTAL SCORE: 1728 Bonus ------- Aligned with FarCom 300 Cogmind --------- Core Integrity 0/250 Matter 255/300 Energy 99/100 System Corruption 2% Temperature Warning (322) Movement Treading (160) Location -10/Exiles Parts ------- > --- POWER (1) -------- (None) > --- PROPULSION (2) --- Improved Treads Improved Treads > --- UTILITY (2) ------ High-capacity Storage Unit Improved Targeting Computer > --- WEAPON (2) ------- Light Assault Rifle > --- INVENTORY (20) --- Light Treads Light Treads Light Treads Light Treads Light Treads Light Treads Improved Treads Improved Treads Improved Heat Sink Huge Storage Unit 0b10 Alert Chip PSU Rigger Spread Laser Light Assault Rifle Light Assault Rifle AWS/Autocannon Mining Claw Makeshift Sword Peak State ------------ > --- POWER ------------ Ion Engine > --- PROPULSION ------- Improved Treads Improved Treads > --- UTILITY ---------- High-capacity Storage Unit Improved Targeting Computer > --- WEAPON ----------- Spread Laser Light Assault Rifle > --- INVENTORY -------- Light Treads Light Treads Light Treads Light Treads Light Treads Light Treads Improved Treads Improved Treads Improved Heat Sink Huge Storage Unit 0b10 Alert Chip PSU Rigger Light Assault Rifle Light Assault Rifle Light Assault Rifle AWS/Autocannon Mining Claw Makeshift Sword [Rating: 17] Favorites ----------- Power Ion Engine Engine Ion Engine Propulsion Improved Treads Treads Improved Treads Leg Aluminum Leg Utility High-capacity Storage Unit Storage High-capacity Storage Unit Processor Improved Targeting Computer Weapon Light Assault Rifle Energy Gun Medium Laser Ballistic Gun Light Assault Rifle Build | -11 -10 -10 -10 ------- Run | Scr Mat Min Exi Slots Evolved . | . . . . Power . | . . . . Propulsion . | . . . . Utility . | . . . . Weapon . | . . . . Parts Attached 16 | 3 10 1 2 Power 2 | . 1 1 . Engine 2 | . 1 1 . Core . | . . . . Reactor . | . . . . Propulsion 6 | 2 4 . . Treads 6 | 2 4 . . Leg . | . . . . Wheel . | . . . . Hover . | . . . . Flight . | . . . . Utility 3 | . 3 . . Device . | . . . . Storage 2 | . 2 . . Processor 1 | . 1 . . Hackware . | . . . . Protection . | . . . . Artifact . | . . . . Weapon 5 | 1 2 . 2 Energy Gun 2 | 1 . . 1 Energy Cannon . | . . . . Ballistic Gun 3 | . 2 . 1 Ballistic Cannon . | . . . . Launcher . | . . . . Special Weapon . | . . . . Impact Weapon . | . . . . Slashing Weapon . | . . . . Piercing Weapon . | . . . . Special Melee Weapon . | . . . . Unidentified Prototypes . | . . . . Parts Lost 3 | . 1 . 2 Power 1 | . . . 1 Propulsion . | . . . . Utility . | . . . . Weapon 2 | . 1 . 1 Highest Loss Streak 2 | . 1 . 2 To Critical Strikes . | . . . . Average Slot Usage (%) 92 | . 86 100 100 Engine 14 | . 14 14 14 Treads 28 | . 28 28 28 Storage 14 | . 14 14 14 Processor 8 | . 3 14 14 Energy Gun 3 | . 6 . . Ballistic Gun 23 | . 19 28 27 Naked Turns . | . . . . Heaviest Build 47 | 14 47 47 47 Greatest Support 46 | 40 46 46 46 Greatest Overweight (x) 1 | . 1 1 1 Average Overweight (x) . | . . 1 1 Largest Inventory Capacity 20 | 8 20 20 20 Average Capacity 17 | 8 15 20 20 Most Carried 20 | 6 20 20 20 Average Carried 14 | 3 9 19 19 Final Capacity 20 | 8 20 20 20 Final Carried 20 | 1 20 20 20 Class Distribution -------------------- 100% | Mutant Dominant Class ---------------- Mutant | -10/Materials Mutant | -10/Mines Mutant | -10/Exiles Resources | -11 -10 -10 -10 ----------- Run | Scr Mat Min Exi Matter Collected 339 | 200 79 60 . Remotely . | . . . . Salvage Created 379 | . 319 60 . Parts 25 | . 24 1 . Haulers Intercepted 1 | . 1 . . Recyclers Shooed . | . . . . Parts Field Recycled . | . . . . Retrieved Matter . | . . . . Parts Self-Destructed . | . . . . Prevented . | . . . . Kills | -11 -10 -10 -10 ------- Run | Scr Mat Min Exi Combat Hostiles Destroyed 11 | . 10 1 . Guns 9 | . 8 1 . AOE 2 | . 2 . . Classes Destroyed 4 | . 4 . . Builder 1 | . 1 . . Hauler 1 | . 1 . . Swarmer 6 | . 6 . . Grunt 5 | . 4 1 . Best Kill Streak 5 | . 5 1 . Combat Bots Only 5 | . 5 1 . Max Kills in Single Turn 1 | . 1 1 . Gunslinging . | . . . . Exploded 1 | . 1 . . Melee . | . . . . Uniques/NPCs Destroyed . | . . . . Combat | -11 -10 -10 -10 -------- Run | Scr Mat Min Exi Damage Taken 1023 | . 439 99 485 Core 270 | . 108 17 145 Absorbed by Shields . | . . . . Core Remaining (%) 100 | 100 . . . Volleys Fired 45 | . 31 9 5 Largest 2 | . 2 2 2 Hottest 90 | . 90 40 85 Shots Fired 93 | . 62 19 12 Gun 93 | . 62 19 12 Cannon . | . . . . Launcher . | . . . . Special . | . . . . Kinetic 65 | . 37 19 9 Thermal 21 | . 18 . 3 Explosive . | . . . . Electromagnetic 7 | . 7 . . Robot Hit Streak 8 | . 8 7 4 Robot Miss Streak 5 | . 5 1 3 Penetration Max . | . . . . Secondary Targets 1 | . 1 . . Max Gunslinging Chain 1 | . 1 . . Shots Hit Robots 66 | . 43 15 8 Core Hits 32 | . 20 5 7 Critical Kills . | . . . . Critical Parts Destroyed 1 | . . 1 . Critical Strikes 2 | . 1 1 . Burn 1 | . 1 . . Destroy 1 | . . 1 . Melee Attacks . | . . . . Impact . | . . . . Slashing . | . . . . Piercing . | . . . . Sneak Attacks . | . . . . Combat Hostiles . | . . . . Follow-up Attacks . | . . . . Damage Inflicted 882 | . 643 150 89 Guns 674 | . 466 119 89 Cannons . | . . . . Explosions 150 | . 150 . . Melee . | . . . . Ramming 58 | . 27 31 . Kinetic 385 | . 228 119 38 Thermal 386 | . 335 . 51 Explosive . | . . . . Electromagnetic 53 | . 53 . . Impact . | . . . . Slashing . | . . . . Piercing . | . . . . Highest Corruption 2 | . 2 2 2 Average Corruption 2 | . 2 2 2 Corruption Purged . | . . . . Corruption Blocked . | . . . . Effects 22 | . 3 6 13 Message Errors 8 | . 1 2 5 Heat Flow Errors 1 | . . . 1 Energy Discharges 3 | . 1 1 1 Parts Rejected 1 | . 1 . . Data Loss (minor) 3 | . . 1 2 Data Loss (major) 1 | . . 1 . Misfires 4 | . . 1 3 Alerts 1 | . . . 1 Overload Shots . | . . . . Overflow Damage 22 | . 22 . . Projectiles . | . . . . Explosions 22 | . 22 . . Melee . | . . . . Knockbacks 2 | . . 2 . Impact 2 | . . 2 . Kinetic . | . . . . Secondary . | . . . . Self-Inflicted Damage 64 | . 64 . . Shots 2 | . 2 . . Rammed 8 | . 5 3 . Targets Rammed 9 | . 6 3 . Kicked . | . . . . Crushed 1 | . 1 . . Highest Temperature 292 | . 225 25 292 Average Temperature 91 | . 82 11 155 Received Heat Transfer 462 | . 102 60 300 Siege Activations . | . . . . Robots Corrupted . | . . . . Combat Hostiles . | . . . . Parts Fried . | . . . . Impact Corruptions . | . . . . Robots Melted . | . . . . Combat Hostiles . | . . . . Parts Melted . | . . . . Heat Transferred 894 | . 829 . 65 Parts Sabotaged . | . . . . Parts Stolen . | . . . . Parts Stripped . | . . . . Power Chain Reactions 2 | . 2 . . Missiles Intercepted . | . . . . Alert | -11 -10 -10 -10 ------- Run | Scr Mat Min Exi Peak Influence 170 | . 170 61 . Initial 1 | . . 1 . Average 58 | . 61 47 . Maximum Alert Level . | . . . . Low Security (%) 100 | 100 100 100 . Level 1 . | . . . . Level 2 . | . . . . Level 3 . | . . . . Level 4 . | . . . . Level 5 . | . . . . High Security . | . . . . Max Security . | . . . . Squads Dispatched 1 | . 1 . . Investigation 1 | . 1 . . Extermination . | . . . . Reinforcement . | . . . . Assault . | . . . . Garrison . | . . . . Intercept . | . . . . Searches Triggered . | . . . . Construction Impeded . | . . . . Haulers Reinforced . | . . . . Active Scanning Responses . | . . . . Cargo Convoy Interrupts . | . . . . Stealth | -11 -10 -10 -10 --------- Run | Scr Mat Min Exi Distress Signals . | . . . . Communications Jammed . | . . . . Distress Signals . | . . . . Times Spotted 30 | . 20 3 7 Peak Tracking Total 10 | . 5 2 10 Tactical Retreats 2 | . . 2 . Traps | -11 -10 -10 -10 ------- Run | Scr Mat Min Exi Traps Triggered 1 | . 1 . . Indirectly . | . . . . Trap Hack Attempts . | . . . . Triggered . | . . . . Disarmed . | . . . . Reprogrammed . | . . . . Reused . | . . . . Traps Extracted . | . . . . Installed . | . . . . Triggered . | . . . . Machines | -11 -10 -10 -10 ---------- Run | Scr Mat Min Exi Machines Disabled . | . . . . Max in Single Turn . | . . . . Machines Sabotaged . | . . . . Garrisons Compromised . | . . . . Overloaded Fab Kills . | . . . . Hacking | -11 -10 -10 -10 --------- Run | Scr Mat Min Exi Machines Accessed 10 | . 8 . 2 Terminals 7 | . 7 . . Fabricators . | . . . . Repair Stations . | . . . . Recycling Units 1 | . 1 . . Scanalyzers . | . . . . Garrison Access . | . . . . Total Hacks 20 | . 18 . 2 Successful 7 | . 5 . 2 Failed 12 | . 12 . . Catastrophic . | . . . . Database Lockouts 1 | . 1 . . Manual 11 | . 10 . 1 Terminals 17 | . 17 . . Fabricators . | . . . . Repair Stations . | . . . . Recycling Units 1 | . 1 . . Scanalyzers . | . . . . Garrison Access . | . . . . Terminal Hacks 6 | . 4 . 2 Record 1 | . . . 1 Robot Analysis 1 | . 1 . . Prototype ID Bank 1 | . 1 . . Zone Layout 2 | . 2 . . EX-Prototype ID Bank 1 | . . . 1 Fabricator Hacks . | . . . . Repair Station Hacks . | . . . . Recycling Unit Hacks . | . . . . Scanalyzer . | . . . . Garrison Access Hacks . | . . . . Unauthorized Hacks 1 | . 1 . . Terminals . | . . . . Fabricators . | . . . . Repair Stations . | . . . . Recycling Units 1 | . 1 . . Tunnel 1 | . 1 . . Scanalyzers . | . . . . Garrison Access . | . . . . Data Cores Recovered . | . . . . Used . | . . . . Hacking Detections 6 | . 6 . . Full Trace Events . | . . . . Feedback Events . | . . . . Feedback Blocked . | . . . . Robot Schematics Acquired . | . . . . Robots Built . | . . . . Authchips . | . . . . Time . | . . . . Total Robot Build Rating . | . . . . Part Schematics Acquired . | . . . . Parts Built . | . . . . Authchips . | . . . . Time . | . . . . Total Part Build Rating . | . . . . Parts Repaired . | . . . . Time . | . . . . Parts Recycled . | . . . . Recycled Matter . | . . . . Retrieved Matter . | . . . . Retrieved Components . | . . . . Parts Scanalyzed . | . . . . Part Schematics Acquired . | . . . . Parts Damaged . | . . . . Bothacking | -11 -10 -10 -10 ------------ Run | Scr Mat Min Exi Used RIF Installer . | . . . . Robots Hacked . | . . . . Non-combat . | . . . . Combat . | . . . . Robot Hacks Applied . | . . . . Relay Couplers Released . | . . . . Fabnet Peak Effective % . | . . . . Robots Rewired . | . . . . Allies Hacked . | . . . . Hacks Repelled . | . . . . Allies | -11 -10 -10 -10 -------- Run | Scr Mat Min Exi Total Allies . | . . . . Largest Group . | . . . . Highest-Rated Group . | . . . . Highest-Rated Ally . | . . . . Total Orders . | . . . . Ally Attacks . | . . . . Total Damage . | . . . . Kills . | . . . . Allies Corrupted . | . . . . Allies Melted . | . . . . Intel | -11 -10 -10 -10 ------- Run | Scr Mat Min Exi Robot Analysis Total 1 | . 1 . . Derelict Logs Recovered 1 | . . 1 . Drone Launches . | . . . . Drone Recoveries . | . . . . Exploration | -11 -10 -10 -10 ------------- Run | Scr Mat Min Exi Turns Passed 2756 | 6 1411 460 879 Spaces Moved 1182 | 1 645 178 358 Core . | . . . . Treads 1182 | 1 645 178 358 Legs . | . . . . Wheels . | . . . . Hover . | . . . . Flight . | . . . . Fastest Speed 160 | 160 160 240 240 Average Speed 214 | 160 193 240 240 Slowest Speed 240 | 160 240 240 240 Overloaded Moves . | . . . . Propulsion Burnouts . | . . . . Robots Hopped . | . . . . Cave-ins Triggered . | . . . . Exploration Rate (%) 51 | 2 99 44 59 Regions Visited 3 Branch Regions 2 Pre-discovered Areas 3 | . 1 1 1 Known Exits Taken . | . . . . Unknown Exits Taken 3 | 1 1 1 . Scrap Searched . | . . . . Spaces Dug . | . . . . Terrain Destroyed 3 | . 3 . . Melee . | . . . . Projectile . | . . . . AOE 3 | . 3 . . Terrain Rammed . | . . . . Walls Destroyed . | . . . . Machines Disabled . | . . . . Actions | -11 -10 -10 -10 --------- Run | Scr Mat Min Exi Total 1316 | 8 741 194 373 Wait 24 | . 24 . . Move 1179 | . 644 177 358 Hop . | . . . . Pick Up 26 | . 21 2 3 Fast Attach 4 | . 4 . . Attach 5 | 3 2 . . Detach . | . . . . Swap 7 | . 4 1 2 Drop 17 | 5 5 2 5 Fire 45 | . 31 9 5 Melee . | . . . . Ram . | . . . . Kick . | . . . . Crush 9 | . 6 3 . Escape Stasis . | . . . . Rewire . | . . . . Trap . | . . . . Miscellaneous . | . . . . Route ------- -11/Scrapyard -10/Materials (discovered 4 exits: [*Mat x3] / [*Min]) -10/Mines (discovered 3 exits: [*Mat x2] / *Exi) -10/Exiles History --------- Turn | Location | Event 7 | -11/Scrapyard | Discovered new exit (range 0) 7 | -11/Scrapyard | Entered Materials 128 | -10/Materials | Discovered new exit (range 16) 301 | -10/Materials | Discovered new exit (range 14) 312 | -10/Materials | Build established: Mutant 434 | -10/Materials | Discovered new exit (range 8) 601 | -10/Materials | Central database locked down 1236 | -10/Materials | Discovered new exit (range 5) 1418 | -10/Materials | Entered Mines 1454 | -10/Mines | Met a Derelict bent on vengeance 1524 | -10/Mines | Learned location of Recycling (-7) 1546 | -10/Mines | Discovered new exit (range 9) 1630 | -10/Mines | A weapon hastily lodged in a ceiling crevice suddenly fell to the ground 1739 | -10/Mines | Discovered new exit (range 8) 1869 | -10/Mines | Deemed a non-threat by the Exiles lab entrance 1869 | -10/Mines | Discovered new exit (range 5) 1878 | -10/Mines | Entered Exiles 1946 | -10/Exiles | Met 8R-AWN 1979 | -10/Exiles | Met EX-HEX 2075 | -10/Exiles | Met EX-DEC 2085 | -10/Exiles | Learned location of Zion (-7) 2133 | -10/Exiles | Met EX-BIN 2162 | -10/Exiles | Aligned with FarCom system 2164 | -10/Exiles | Given EX-Vault access code 2219 | -10/Exiles | Opened EX-Vault 2239 | -10/Exiles | Found 0b10 Alert Chip 2288 | -10/Exiles | Warned to stay clear of 0b10 Research branches 2646 | -10/Exiles | Found PSU Rigger 2658 | -10/Exiles | Found AWS/Autocannon 2726 | -10/Exiles | Attacked by the Exiles 2743 | -10/Exiles | Core integrity fell below 50% 2748 | -10/Exiles | Core integrity fell below 20% 2757 | -10/Exiles | Destroyed by as-75702 with Assembled Blade Last Messages --------------- 02345_ EBUUQ7BIW 02360_ 2YI5=R3BD3|X &TFENNCX 02451_ System corrupted: IFF burst signal emitted. 02497_ F70YLTL<2B| XF6R#4K1>JXL>RF<,1BGV2 02646_ Dropped Imp. Targeting Computer. 02646_ Acquired PSU Rigger. 02657_ Dropped Spread Laser. 02658_ Acquired AWS/Autocannon. 02672_ EZ%MD,P5L/3 DRQQBIHP | 02726_ System corrupted: FCS attempts to trigger Lgt. Assault Rifle. 02726_ System corrupted: Lgt. Assault Rifle misfires. 02726_ EXILES: Hostile robot within lab perimeter. Defensive protocols time, folks! 02728_ EX-BIN: "I just want to science!" 02745_ as-52362 destroyed. 02748_ System corrupted: FCS attempts to trigger Spread Laser. 02748_ System corrupted: Spread Laser misfires. 02755_ Ion Engine destroyed. 02757_ Lgt. Assault Rifle destroyed. Map ----- +----------------------------------------------------+ | ???????????????????# #???####????????????????? | | ???????????????????# #??"""""????????????????? | | ???????????????????# ## """#???????????????? | | ???????????????????# X""#???????????????? | | ???????????????????# ## """#???????????????? | | ?????????????####??# #??"""""????????????????? | | ????????????""""""?# #???####????????????????? | | ????????????"""" ## #???????????????????????? | | ???????????#""X" #???????????????????????? | | ???????????#" #???????????????????????? | | ???????????#" ## #???????????????????????? | | ???????????#""""""?# #?#########?????????????? | | ???????????##"###??# #?#"""""""#?????????????? | | ???????????????????# #?#"""""""#?????????????? | | ???????????????????# #?#"""""""#?????????????? | | ??????????????????## ###"" """"#?????????????? | | ??????????????????#" """"#?????????????? | | ??????????????????#" """#?????????????? | | ??????????????????#" """#?????????????? | | ??????????????????#" """#?????????????? | | ?????#####????????#" """#?????????????? | | ????? """#???????#" """#?????????????? | | ?????" """#???????## """"?????????????? | | ????"" #????????# """#?????????????? | | ????"" #????????#" a "X" """"?????????????? | | ????"" "#????????#" %@ """ #?????????????? | | ???? ""?????????#" a """""""""#?????????????? | | ?????" "?????????##" a ###########?????????????? | | ?????# #????????##"" #???????????????????????? | | ???### ###?######"" aaa#???????????????????????? | | ####X# #"###""""""" ##??????????????????????? | | """""" " "" ##???##########????????? | | "" """ " #####"""""""""##??????? | | " " " """ """"##?????? | | "" " #?????? | | " """#?????? | | " "#?????? | | " "##????? | | ""###??? | | " """""" """#??? | | ######""" "#??? | | ""##????#####""" ##?? | | """##?????????##""" ##? | | """##???????????#"""" ## | | ""#????????????#"" | | #?????????????"""" | | ????????????" | | ???????????? | | ???????????? # | | " ???????????? ## | +----------------------------------------------------+ Best States ------------- Heat Dissipation 25 Energy Generation 10 Energy Capacity 250 Matter Stores 300 Matter Capacity 300 Sight Range 16 Terrain Scan Density 10 Evasion (%) 40 Targeting Accuracy 6 Recoil Reduction 2 Item Schematics ----------------- None Robot Schematics ------------------ None Fabricated ------------ Nothing Alien Tech Used ----------------- None Achievements -------------- None Challenges ------------ None Game ------ Seed BombTargetBiocell Manual? 0 Play Time 00:17:16 Cumulative 628.4 hours Start 2022.05.11 @ 18:42:16 End 2022.05.11 @ 19:19:44 Sessions 1 Manual Loads 0 Difficulty Rogue Special Mode None Game No. 586 Rogue 586 Adventurer 0 Explorer 0 Win Type - Total 23 Types 10/4/5/1/1/0/1/1/0 Lore% 91 Gallery% 95 Achievement% 77 Wizard Run 0 Options --------- ASCII 0 Keyboard 0 Movement Numpad Keybinds 1 Fullscreen 2 Font 24/Smallcaps Map View 76x50 Tactical HUD 1 Map Filters NONE Filters NONE Steam 1 RUN: fbd9e768-d0df-42b1-8d5e-86944dd73edb